 Dungeon Crawl Stone Soup version 0.18-a0-1323-g706dcef (webtiles) character file.

6 ololoev the Firebug (level 1, -2/10 HPs)
             Began as a Deep Elf Fire Elementalist on Feb 15, 2016.
             Slain by Terence
             ... wielding a +0 flail
              (12 damage)
             ... on level 2 of the Dungeon.
             The game lasted 00:01:01 (166 turns).

ololoev the Firebug (Deep Elf Fire Elementalist)     Turns: 166, Time: 00:01:02

Health: -2/10      AC:  2    Str:  5    XL:     1   Next: 75%
Magic:  3/6        EV: 13    Int: 16    God:
Gold:   25         SH:  0    Dex: 15    Spells: 1 memorised, 5 levels left

rFire  . . .     SeeInvis .     (no weapon)
rCold  . . .     Gourm    .     a - +0 robe
rNeg   . . .     Faith    .     (no shield)
rPois  .         Spirit   .     (no helmet)
rElec  .         Dismiss  .     (no cloak)
rCorr  .         Reflect  .     (no gloves)
SustAt .         Harm     .     (no boots)
MR     .....                    (no amulet)
Stlth  ++........               (no ring)
                                e - -3 ring of intelligence (curse)

@: very slightly contaminated, not resistant to hostile enchantments, unstealthy
A: no striking features
a: no special abilities

Inventory:

Armour
 a - a +0 robe (worn)
Jewellery
 e - a cursed -3 ring of intelligence (left hand)
Books
 b - a book of Flames

   Spells                             Type                      Level
   a - Flame Tongue                   Conjuration/Fire             1
   b - Throw Flame                    Conjuration/Fire             2
   c - Conjure Flame                  Conjuration/Fire             3
   d - Inner Flame                    Hexes/Fire                   3
   e - Sticky Flame                   Conjuration/Fire             4
   f - Fireball                       Conjuration/Fire             5
Comestibles
 c - 2 bread rations
 d - a beef jerky


   Skills:
 - Level 2.4 Dodging
 - Level 2.4 Stealth
 + Level 3.0 Spellcasting
 * Level 1.7 Conjurations
 + Level 3.4 Fire Magic


You had 5 spell levels left.
You knew the following spells:

 Your Spells              Type           Power        Failure   Level  Hunger
a - Flame Tongue          Conj/Fire      ##...        10%         1    #......


You were on level 2 of the Dungeon.
You were not hungry.

You visited 1 branch of the dungeon, and saw 2 of its levels.

You collected 25 gold pieces.

#..........
#.........
#.........
#........ #
#....... #..
#.....#
#...###....<#
............#
......@@....#
#######.....#
............
####.....####
#.....#
#######

Notes
Turn   | Place    | Note
--------------------------------------------------------------
     0 | D:1      | ololoev the Deep Elf Fire Elementalist began the quest for the Orb.
     0 | D:1      | Reached XP level 1. HP: 10/10 MP: 6/6
   159 | D:2      | Noticed Terence
   166 | D:2      | Slain by Terence

Dungeon Overview and Level Annotations

Branches:
Dungeon (2/15)

Altars:

Annotations:
D:2 Terence


Message History

Aim: a rat The flame tongue hits the rat.
You kill the rat!
Found an escape hatch in the floor.
e - an iron ring Put on which piece of jewellery? (? for menu, Esc to quit)
You feel stupid.
Oops, that ring feels deathly cold.
e - a cursed -3 ring of intelligence (left hand) Unknown command.
There is a stone staircase leading down here.
You climb downwards.
Terence the Incautious comes into view.
He is wielding a flail.
There is a stone staircase leading up here.
Casting: Flame Tongue
Confirm with . or Enter, or press ? or * to list all spells.
Aiming: Flame Tongue
Press: ? - help, Shift-Dir - straight line, f - Terence
Aim: Terence, wielding a flail and wearing a ring mail (resting)
You miscast Flame Tongue.
You are very lightly contaminated with residual magic.
Nothing appears to happen.
Terence shouts!
Casting: Flame Tongue
Confirm with . or Enter, or press ? or * to list all spells.
Aiming: Flame Tongue
Press: ? - help, Shift-Dir - straight line, f/p - Terence
Aim: Terence, wielding a flail and wearing a ring mail The flame tongue hits Terence.
Terence is moderately wounded.
Casting: Flame Tongue
Confirm with . or Enter, or press ? or * to list all spells.
Aiming: Flame Tongue
Press: ? - help, Shift-Dir - straight line, f/p - Terence
Aim: Terence, wielding a flail and wearing a ring mail (moderately wounded)
The flame tongue hits Terence.
Terence is severely wounded.
Terence hits you with a flail!
Ouch! That really hurt!
You die...

You could see Terence.

Vanquished Creatures
  A goblin (D:1)
  2 giant newts (D:1)
  5 rats (D:1)
8 creatures vanquished.

Action                   || total
-------------------------++-------
 Cast: Flame Tongue      ||    10

Vault maps used:
D:1:      dpeg_arrival_rooms_a, serial_bayou_pond_d
D:2:      uniq_terence, uniq_robin
